 Dungeon Crawl Stone Soup version 0.29.1-13-g9f3cf754e1 (webtiles) character file.

Game seed: 7105981734990090206

620 croobank the Covert (level 7, -1/49 HPs)
             Began as an Octopode Delver on Jan 21, 2023.
             Slain by a killer bee (6 damage)
             ... on level 4 of the Dungeon.
             The game lasted 00:12:53 (4548 turns).

croobank the Covert (Octopode Delver)               Turns: 4548, Time: 00:12:53

Health: -1/49      AC:  1    Str: 11    XL:     7   Next: 46%
Magic:  18/18      EV: 14    Int: 15    God:
Gold:   192        SH:  0    Dex: 13    Spells: 9/9 levels left

rFire   . . .      SeeInvis .   a - +0 hand axe
rCold   . . .      Faith    .   (no shield)
rNeg    . . .      Spirit   .   (helmet restricted)
rPois   .          Reflect  .   (no amulet)
rElec   .          Harm     .   c - ring of magical power
rCorr   .          Rampage  .   (no ring)
Will    .....                   (no ring)
Stlth   +++++.....              (no ring)
HPRegen 0.16/turn               (no ring)
MPRegen 0.16/turn               (no ring)
                                (no ring)
                                (no ring)

@: no status effects
A: almost no armour, amphibious, 8 rings, camouflage 1, gelatinous body 1,
(nimble swimmer 1), tentacles
a: no special abilities


You were on level 4 of the Dungeon.
You visited 1 branch of the dungeon, and saw 6 of its levels.

You collected 192 gold pieces.

Inventory:

Hand Weapons
 a - a +0 hand axe (weapon)
 j - a +0 dagger
 p - a +2 vampiric spear
Jewellery
 c - a ring of magical power (left tentacle)
Wands
 f - a wand of digging (6)
Scrolls
 b - 2 scrolls of fog
 d - a scroll of immolation {unknown}
 g - a scroll of teleportation
 q - a scroll of identify
 r - a scroll of amnesia {unknown}
Potions
 e - 2 potions of haste
 h - a potion of brilliance
 k - 2 potions of curing
 l - 2 potions of ambrosia
 m - 2 potions of berserk rage {unknown}
 n - 2 potions of degeneration {unknown}


   Skills:
 + Level 4.7 Fighting
 + Level 4.1 Axes
 + Level 4.1 Dodging
 + Level 8.5 Stealth
 + Level 1.6 Spellcasting


You had 9 spell levels left.
You didn't know any spells.
Your spell library contained the following spells:

 Spells                   Type           Power      Damage    Failure   Level
 Magic Dart               Conj           4%         1d3       24%         1
 Call Imp                 Summ           1%         N/A       34%         2
 Mephitic Cloud           Conj/Pois/Air  1%         N/A       56%         3
 Olgreb's Toxic Radiance  Pois           1%         N/A       93%         4
 Ozocubu's Refrigeration  Ice            0%         4d7       100%        7
 Ignition                 Fire           0%         3d3       100%        8


Dungeon Overview and Level Annotations

Branches:
Dungeon (6/15)
 Temple: D:4-7

Altars:
Xom

Annotations:
D:3 1 runed translucent door, sigtrap's ghost, amateur HOFi


Innate Abilities, Weirdness & Mutations

You cannot wear most types of armour.
You are amphibious.
You can wear up to eight rings at the same time.
Your skin changes colour to match your surroundings (Stealth+).
Your rubbery body absorbs attacks. (AC +1, EV +1)
((You are camouflaged when in or above water. (Stealth+)))
You have tentacles for arms and can constrict up to eight enemies at once.


Message History

The orc priest hits something with a +0 trident!
You feel a bit more experienced.
The orc priest misses something.
You hear an angry buzzing noise.
You hear an angry buzzing noise.
The orc priest hits something from afar with a +0 trident!
The orc priest barely misses something.
Something stings the orc priest.
The orc priest barely misses something.
Something barely misses the orc priest.
You hear an angry buzzing noise.
The killer bee stings the orc priest.
The orc priest is poisoned.
The killer bee poisons the orc priest!
The orc priest closely misses the killer bee.
The killer bee stings the orc priest.
Throw: dart (datura)
Press: ? - help, Q - select action Shift-Dir - straight line, f/p - orc priest
Aim: an orc priest, wielding a +0 trident and wearing a +0 leather armour (severely wounded, fast, strong, frenzied and insane, not watching you, very poisoned, 59% to hit, immune)
You throw a datura-tipped dart.
The datura-tipped dart hits the killer bee.
The killer bee flies into a frenzy!
The killer bee is lightly wounded.
The orc priest hits the killer bee with a +0 trident!
The killer bee dies!
The killer bee misses you. x2
You miss the killer bee.
The kobold shouts!
Your grab misses the killer bee.
The killer bee is lightly wounded.
The killer bee barely misses you. The killer bee completely misses you.
The orc priest completely misses the killer bee.
The killer bee barely misses you.
The killer bee attacks as you move away!
The killer bee stings you.
The orc priest shouts!
The killer bee barely misses you.
The orc priest hits the kobold from afar with a +0 trident!
The kobold dies!
The killer bee stings you!
* * * LOW HITPOINT WARNING * * *
The killer bee barely misses you. The killer bee stings you.
You die...

......###........[.......
.#.... #.......>>...#... .
### #....#..###......
.#######....##.......... ##
........########.S..... .##
#.)...# ...... ..# #....#
.....
#.#######...(#########.......
#.o.....).(o...y@........ .
##.######....##########[. ###
#....# ######


You could see a neutral killer bee (fast, strong, insane) and a neutral orc
priest (fast, strong, insane, distracted, very poisoned).

Vanquished Creatures
  Menkaure (D:4)
  A scorpion (D:4)
  A killer bee (D:4)
  An orc priest (D:3)
  Jessica (D:3)
  3 iguanas
  An orc wizard (D:3)
  A gnoll (D:5)
  7 adders
  A shadow imp (D:3)
  An ufetubus (D:6)
  4 worms
  3 dart slugs
  7 orcs (D:3)
  9 ball pythons
  4 endoplasms
  2 giant cockroaches
  9 goblins
  4 hobgoblins
  4 jackals
  2 kobolds
  6 quokkas
  5 bats
  5 frilled lizards
  2 rats (D:2)
85 creatures vanquished.

Vanquished Creatures (collateral kills)
  A killer bee (D:4)
  4 orcs (D:4)
  A kobold (D:4)
6 creatures vanquished.

Vanquished Creatures (others)
  2 withered plants (D:3)
2 creatures vanquished.

Grand Total: 93 creatures vanquished

Notes
Turn   | Place    | Note
-------+----------+-------------------------------------------
     0 | D:5      | croobank the Octopode Delver began the quest for the Orb.
     0 | D:5      | Reached XP level 1. HP: 16/16 MP: 1/1
    31 | D:5      | Noticed a bullfrog
    43 | D:4      | Noticed an iguana
    46 | D:4      | Killed an iguana
    47 | D:4      | Reached XP level 2. HP: 12/21 MP: 2/2
    47 | D:4      | Reached XP level 3. HP: 15/26 MP: 3/3
    63 | D:5      | Reached skill level 7 in Stealth
   233 | D:5      | Reached XP level 4. HP: 18/31 MP: 4/4
   363 | D:4      | Noticed a scorpion
   419 | D:4      | Killed a scorpion
   420 | D:4      | Reached XP level 5. HP: 34/37 MP: 5/5
   441 | D:4      | Noticed Menkaure
   448 | D:4      | Noticed an ogre
   570 | D:3      | Noticed Jessica
   577 | D:3      | Killed Jessica
  1244 | D:2      | Reached XP level 6. HP: 43/43 MP: 6/6
  1256 | D:2      | Found a faded altar of an unknown god.
  2495 | D:3      | Found a shimmering altar of Xom.
  2495 | D:3      | Found a shimmering altar of Xom.
  2497 | D:3      | Found a shimmering altar of Xom.
  2502 | D:3      | Found a shimmering altar of Xom.
  2644 | D:3      | Noticed sigtrap's ghost (amateur HOFi)
  2646 | D:3      | Found a runed translucent door.
  2831 | D:3      | Reached skill level 8 in Stealth
  3695 | D:4      | Killed Menkaure
  3696 | D:4      | Reached skill level 1 in Spellcasting
  3696 | D:4      | Reached XP level 7. HP: 49/49 MP: 6/8
  4548 | D:4      | Slain by a killer bee

Illustrated notes

Levels and vault maps discovered:
D:1:      eino_arrival_water_star, layout_loops_ring
D:2:      layout_basic, shapermc_ecumenical_altar_mp_highgroup,
          minmay_randomly_rotated_circles
D:3:      layout_loops_ring, xom_redecorated, gammafunk_ghost_grave,
          uniq_jessica
D:4:      layout_rooms, nicolae_shop_sticking_my_neck_out, uniq_menkaure
D:5:      layout_rooms, zin_academy
D:6:      layout_rooms, evilmike_ruin_ashenzari,
          minmay_temple_entry_drinking_statues, minmay_misc_feat_tiny,
          dreamdust_gnoll_farm

Skill      XL: |  1  2  3  4  5  6  7 |
---------------+----------------------+-----
Stealth        | 7 8 |  8.5
Axes           | 3 4 |  4.1
Dodging        | 3 4 |  4.1
Fighting       | 4 |  4.7
Spellcasting   | 1 |  1.6

Action                   |  1- 3 |  4- 6 |  7- 9 || total
-------------------------+-------+-------+-------++-------
Melee: Hand axe          |    13 |   126 |    35 ||   174
       Constrict         |     3 |    35 |    10 ||    48
       Tentacles         |     3 |    27 |     7 ||    37
       Punch             |       |     1 |     1 ||     2
Throw: Dart              |       |       |     2 ||     2
  Use: Scroll            |     2 |     6 |     1 ||     9
       Potion            |       |       |     3 ||     3
 Stab: Sleeping          |     2 |    27 |       ||    29
       Distracted        |       |     1 |       ||     1
Armor: Skin              |       |    14 |     2 ||    16
Dodge: Dodged            |     7 |    90 |    75 ||   172
